AoeStats
← WolfGang_Mucahit

Nomad

505966546Analyzed
2v2 RM · 22d ago on Sep 11, 2026· 43m 5s· 4 players
Game mode
Random Map
Map size
176×176
Population
200
Speed
Normal
Resources
Standard
Victory
Conquest
Starting age
Dark Age
Ending age
Imperial Age
RankedLock teamsTeams togetherTeam positionsShared explorationLock speedFull tech treeHidden civsTurbo modeCheats
Victory
Defeat
🇷🇺 Dravidians · Russia
880
+16
🇬🇧 Mongols · United Kingdom
840
+17
🇧🇪 Burgundians · Belgium
983
-33
🇧🇪 Vikings · Belgium
764
-12
t.f.blanchard
13:39 Loom
15:57 Feudal Age
16:28 Gold Mining
16:27 Double-Bit Axe
17:21 Fishing Lines
19:42 Stone Mining
22:10 Wheelbarrow
23:45 Castle Age
22:32 Bloodlines
24:11 Fletching
24:15 Crossbowman
25:54 Gold Shaft Mining
25:50 Thumb Ring
29:02 Stone Shaft Mining
32:18 Scale Barding Armor
32:08 Bodkin Arrow
33:42 Gillnets
34:42 Chain Barding Armor
41:25 Imperial Age
39:19 Forging
41:32 Iron Casting
41:32 Heavy Camel Rider
PigBenis
15:31 Feudal Age
16:01 Fishing Lines
16:10 Double-Bit Axe
23:36 Castle Age
23:30 Forging
23:54 Scale Barding Armor
23:47 Light Cavalry
25:39 Gold Mining
26:03 Bow Saw
25:34 Horse Collar
26:34 Wheelbarrow
27:53 Husbandry
33:05 Hand Cart
33:36 Fletching
34:47 Thumb Ring
34:40 Bodkin Arrow
35:46 Pikeman
37:30 Chain Barding Armor
37:19 Stone Mining
38:46 Heavy Plow
40:15 Iron Casting
39:44 Padded Archer Armor
42:57 Imperial Age
WolfGang_Mucahit
17:47 Feudal Age
18:40 Double-Bit Axe
27:20 Horse Collar
35:30 Castle Age
Samourai_Furieux
15:16 Feudal Age
15:32 Double-Bit Axe
15:33 Horse Collar
20:12 Castle Age
28:02 Town Watch
Connection lost

Rejoining the realm…

Still unreachable

The connection could not be restored.

Session expired

The server has moved on; the page needs a fresh start.